Cogmind - Beta 14 @@@ ROGUE MODE // 2025.01.01 @ 10:36:49 Player: DreamCore Result: Self-destructed Performance ------------- Evolutions (2) 1000 Regions Visited (5) 1000 Robots Destroyed (5) 25 Value Destroyed (172) 172 Prototype IDs (23) 460 Alien Tech Used (0) 0 Bonus (300) 300 TOTAL SCORE: 2957 Bonus ------- Aligned with FarCom 300 Cogmind --------- Core Integrity 544/550 Matter 252/300 Energy 160/160 System Corruption 0% Temperature Danger (404) Movement Walking (120) Location -8/Materials Parts ------- > --- POWER (1) -------- Light Nuclear Core > --- PROPULSION (4) --- Aluminum Leg Aluminum Leg Aluminum Leg Aluminum Leg > --- UTILITY (4) ------ Medium Storage Unit Energy Filter Layered Light Armor Plating Layered Light Armor Plating > --- WEAPON (2) ------- Lightning Gun Lightning Gun > --- INVENTORY (10) --- Ion Engine Aluminum Leg Cloak of Protection Layered Light Armor Plating Lightning Gun Lightning Gun Heavy Ion Cannon Heavy Ion Cannon Heavy Ion Cannon Heavy Ion Cannon Peak State ------------ > --- POWER ------------ Light Nuclear Core > --- PROPULSION ------- Aluminum Leg Aluminum Leg Aluminum Leg Aluminum Leg > --- UTILITY ---------- Medium Storage Unit Energy Filter Layered Light Armor Plating Layered Light Armor Plating > --- WEAPON ----------- Lightning Gun Lightning Gun > --- INVENTORY -------- Ion Engine Light Treads Aluminum Leg Cloak of Protection Lightning Gun Lightning Gun Heavy Ion Cannon Heavy Ion Cannon Heavy Ion Cannon Heavy Ion Cannon [Rating: 31] Favorites ----------- Power Ion Engine Engine Ion Engine Power Core Light Nuclear Core Propulsion Aluminum Leg Treads Light Treads Leg Aluminum Leg Utility Medium Storage Unit Device Improved Heat Sink Storage Medium Storage Unit Protection Layered Light Armor Plating Weapon Medium Laser Energy Gun Medium Laser Energy Cannon Heavy Ion Cannon Ballistic Gun Assault Rifle Build | -11 -10 -10 -10 -9 -8 ------- Run | Yrd Mat Min Exi Min Mat Slots Evolved 4 | . . . . . 4 Power . | . . . . . . Propulsion 2 | . . . . . 2 Utility 2 | . . . . . 2 Weapon . | . . . . . . Parts Attached 23 | . 4 1 2 2 14 Power 2 | . 1 . . . 1 Engine 1 | . 1 . . . . Core 1 | . . . . . 1 Reactor . | . . . . . . Propulsion 8 | . 1 . 2 2 3 Treads 2 | . . . 2 . . Leg 6 | . 1 . . 2 3 Wheel . | . . . . . . Hover . | . . . . . . Flight . | . . . . . . Utility 7 | . 2 . . . 5 Device 3 | . 1 . . . 2 Storage 2 | . 1 . . . 1 Processor . | . . . . . . Hackware . | . . . . . . Protection 2 | . . . . . 2 Artifact . | . . . . . . Weapon 6 | . . 1 . . 5 Energy Gun 3 | . . 1 . . 2 Energy Cannon 2 | . . . . . 2 Ballistic Gun 1 | . . . . . 1 Ballistic Cannon . | . . . . . . Launcher . | . . . . . . Special Weapon . | . . . . . . Impact Weapon . | . . . . . . Slashing Weapon . | . . . . . . Piercing Weapon . | . . . . . . Special Melee Weapon . | . . . . . . Unidentified Prototypes . | . . . . . . Parts Lost 6 | . 1 1 . 4 . Power 2 | . 1 . . 1 . Propulsion . | . . . . . . Utility 1 | . . . . 1 . Weapon 3 | . . 1 . 2 . Highest Loss Streak 4 | . 1 1 . 4 . To Critical Strikes . | . . . . . . Average Slot Usage (%) 96 | . 92 100 100 76 95 Engine 9 | . 14 14 14 11 . Core 3 | . . . . . 9 Treads 9 | . . . 22 11 . Leg 21 | . 28 28 5 14 36 Device 10 | . 7 14 14 14 8 Storage 12 | . 14 14 14 14 9 Protection 5 | . . . . . 14 Energy Gun 20 | . 14 25 28 9 15 Ballistic Gun 2 | . 14 2 . . . Peak Build Rating 31 | 6 10 11 11 11 31 Average Rating 16 | 6 8 10 11 8 28 On Entrance 8 | 6 6 10 11 11 4 Naked Turns . | . . . . . . Heaviest Build 39 | 14 20 21 21 21 39 Greatest Support 40 | 20 20 20 40 40 40 Greatest Overweight (x) 1 | . . 1 1 1 . Average Overweight (x) . | . . 1 . . . Largest Inventory Capacity 10 | 8 10 10 10 10 10 Average Capacity 9 | 8 9 10 10 10 10 Most Carried 10 | 6 10 10 10 10 10 Average Carried 9 | 6 8 9 9 9 9 Final Capacity 10 | 8 10 10 10 10 10 Final Carried 10 | 6 9 10 10 9 10 Class Distribution -------------------- 65% | Mutant 34% | Scavenger-Mutant Dominant Class ---------------- Mutant | -10/Materials Mutant | -10/Mines Mutant | -10/Exiles Mutant | -9/Mines Scavenger-Mutant | -8/Materials Resources | -11 -10 -10 -10 -9 -8 ----------- Run | Yrd Mat Min Exi Min Mat Matter Collected 412 | 200 71 29 . . 112 Remotely . | . . . . . . Salvage Created 200 | . 81 99 . . 20 Parts 10 | . 7 2 . . 1 Haulers Intercepted . | . . . . . . Recyclers Shooed . | . . . . . . Parts Field Recycled . | . . . . . . Retrieved Matter . | . . . . . . Parts Self-Destructed . | . . . . . . Prevented . | . . . . . . Kills | -11 -10 -10 -10 -9 -8 ------- Run | Yrd Mat Min Exi Min Mat Combat Hostiles Destroyed 5 | . 2 2 . . 1 Guns 5 | . 2 2 . . 1 Classes Destroyed 2 | . 1 . . . 1 Swarmer 1 | . . . . . 1 Grunt 4 | . 2 2 . . . Best Kill Streak 2 | . 1 2 . . 1 Combat Bots Only 2 | . 1 2 . . 1 Max Kills in Single Turn 1 | . 1 1 . . 1 Gunslinging . | . . . . . . Exploded . | . . . . . . Melee . | . . . . . . Uniques/NPCs Destroyed . | . . . . . . Combat | -11 -10 -10 -10 -9 -8 -------- Run | Yrd Mat Min Exi Min Mat Hostile Shots Fired 91 | . 18 22 . 23 28 Missed 26 | . 4 7 . 8 7 Damage Taken 938 | . 188 192 . 388 170 Core 120 | . 53 28 . 33 6 Absorbed by Shields . | . . . . . . Core Remaining (%) 77 | 100 . . . 54 . Volleys Fired 34 | . 13 11 . 1 9 Largest 2 | . 2 2 . 2 2 Hottest 115 | . 70 115 . 115 110 Shots Fired 67 | . 26 22 . 2 17 Gun 67 | . 26 22 . 2 17 Cannon . | . . . . . . Launcher . | . . . . . . Special . | . . . . . . Kinetic 20 | . 13 7 . . . Thermal 30 | . 13 15 . 2 . Explosive . | . . . . . . Electromagnetic 17 | . . . . . 17 Robot Hit Streak 5 | . 5 5 . 3 4 Robot Miss Streak 4 | . 2 1 . . 4 Penetration Max . | . . . . . . Secondary Targets . | . . . . . . Shots Hit Robots 39 | . 16 16 . 2 5 Core Hits 12 | . 6 5 . . 1 Critical Kills . | . . . . . . Critical Parts Destroyed . | . . . . . . Critical Strikes 5 | . 2 2 . . 1 Burn 4 | . 2 2 . . . Corrupt 1 | . . . . . 1 Melee Attacks . | . . . . . . Impact . | . . . . . . Slashing . | . . . . . . Piercing . | . . . . . . Sneak Attacks . | . . . . . . Combat Hostiles . | . . . . . . Follow-up Attacks . | . . . . . . Damage Inflicted 517 | . 201 197 . 28 91 Guns 517 | . 201 197 . 28 91 Cannons . | . . . . . . Explosions . | . . . . . . Melee . | . . . . . . Ramming . | . . . . . . Kinetic 156 | . 86 70 . . . Thermal 270 | . 115 127 . 28 . Explosive . | . . . . . . Electromagnetic 91 | . . . . . 91 Impact . | . . . . . . Slashing . | . . . . . . Piercing . | . . . . . . Highest Corruption . | . . . . . . Average Corruption . | . . . . . . Corruption Purged . | . . . . . . Corruption Blocked . | . . . . . . Overload Shots . | . . . . . . Overflow Damage . | . . . . . . Projectiles . | . . . . . . Explosions . | . . . . . . Melee . | . . . . . . Knockbacks . | . . . . . . Impact . | . . . . . . Kinetic . | . . . . . . Secondary . | . . . . . . Self-Inflicted Damage . | . . . . . . Shots . | . . . . . . Rammed . | . . . . . . Targets Rammed . | . . . . . . Kicked . | . . . . . . Crushed . | . . . . . . Highest Temperature 480 | . 233 60 . 32 480 Average Temperature 149 | . 119 28 . 14 215 Received Heat Transfer 356 | . 150 126 . 80 . Effects 3 | . . . . . 3 Shutdowns 1 | . . . . . 1 Energy Bleed 1 | . . . . . 1 Interference 1 | . . . . . 1 Siege Activations . | . . . . . . Robots Corrupted . | . . . . . . Combat Hostiles . | . . . . . . Parts Fried . | . . . . . . Impact Corruptions . | . . . . . . Robots Melted . | . . . . . . Combat Hostiles . | . . . . . . Parts Melted 4 | . 1 3 . . . Heat Transferred 1073 | . 481 518 . 74 . Parts Sabotaged . | . . . . . . Parts Stolen . | . . . . . . Parts Stripped . | . . . . . . Power Chain Reactions . | . . . . . . Alert | -11 -10 -10 -10 -9 -8 ------- Run | Yrd Mat Min Exi Min Mat Peak Influence 120 | . 71 67 . . 120 Initial 27 | . . 27 . . . Average 25 | . 38 59 . . 16 Maximum Alert Level . | . . . . . . Low Security (%) 100 | 100 100 100 . 100 100 Level 1 . | . . . . . . Level 2 . | . . . . . . Level 3 . | . . . . . . Level 4 . | . . . . . . Level 5 . | . . . . . . High Security . | . . . . . . Max Security . | . . . . . . Squads Dispatched 1 | . 1 . . . . Investigation . | . . . . . . Extermination . | . . . . . . Reinforcement 1 | . 1 . . . . Assault . | . . . . . . Garrison . | . . . . . . Intercept . | . . . . . . Searches Triggered . | . . . . . . Construction Impeded . | . . . . . . Haulers Reinforced . | . . . . . . Active Scanning Responses . | . . . . . . Cargo Convoy Interrupts . | . . . . . . Stealth | -11 -10 -10 -10 -9 -8 --------- Run | Yrd Mat Min Exi Min Mat Distress Signals 1 | . . . . . 1 Communications Jammed . | . . . . . . Distress Signals . | . . . . . . Times Spotted 34 | . 5 2 . 20 7 Peak Tracking Total 13 | . 3 2 . 13 5 Tactical Retreats 5 | . 1 . . 2 2 Traps | -11 -10 -10 -10 -9 -8 ------- Run | Yrd Mat Min Exi Min Mat Traps Triggered . | . . . . . . Indirectly . | . . . . . . Trap Hack Attempts . | . . . . . . Triggered . | . . . . . . Disarmed 6 | . 6 . . . . Reprogrammed . | . . . . . . Reused . | . . . . . . Traps Extracted . | . . . . . . Installed . | . . . . . . Triggered . | . . . . . . Machines | -11 -10 -10 -10 -9 -8 ---------- Run | Yrd Mat Min Exi Min Mat Machines Disabled . | . . . . . . Max in Single Turn . | . . . . . . Machines Repaired . | . . . . . . Machines Dismantled . | . . . . . . Machines Sabotaged . | . . . . . . Overloaded Fab Kills . | . . . . . . Hacking | -11 -10 -10 -10 -9 -8 --------- Run | Yrd Mat Min Exi Min Mat Machines Accessed 5 | . 2 . 1 . 2 Terminals 4 | . 2 . . . 2 Fabricators . | . . . . . . Repair Stations . | . . . . . . Recycling Units . | . . . . . . Scanalyzers . | . . . . . . Garrison Access . | . . . . . . Total Hacks 11 | . 7 . 1 . 3 Successful 5 | . 2 . 1 . 2 Failed 6 | . 5 . . . 1 Catastrophic 1 | . 1 . . . . Database Lockouts . | . . . . . . Manual 6 | . 2 . 4 . . Terminals 10 | . 7 . . . 3 Fabricators . | . . . . . . Repair Stations . | . . . . . . Recycling Units . | . . . . . . Scanalyzers . | . . . . . . Garrison Access . | . . . . . . Terminal Hacks 5 | . 2 . 1 . 2 Locate Traps 2 | . 1 . . . 1 Disarm Traps 1 | . 1 . . . . Zone Layout 1 | . . . . . 1 Derelict Proto ID Bank 1 | . . . 1 . . Fabricator Hacks . | . . . . . . Repair Station Hacks . | . . . . . . Recycling Unit Hacks . | . . . . . . Scanalyzer . | . . . . . . Garrison Access Hacks . | . . . . . . Unauthorized Hacks . | . . . . . . Terminals . | . . . . . . Fabricators . | . . . . . . Repair Stations . | . . . . . . Recycling Units . | . . . . . . Scanalyzers . | . . . . . . Garrison Access . | . . . . . . Data Cores Recovered . | . . . . . . Used . | . . . . . . Hacking Detections 3 | . 2 . . . 1 Full Trace Events . | . . . . . . Feedback Events . | . . . . . . Feedback Blocked . | . . . . . . Robot Schematics Acquired . | . . . . . . Robots Built . | . . . . . . Authchips . | . . . . . . Time . | . . . . . . Total Robot Build Rating . | . . . . . . Part Schematics Acquired . | . . . . . . Parts Built . | . . . . . . Authchips . | . . . . . . Time . | . . . . . . Total Part Build Rating . | . . . . . . Parts Repaired . | . . . . . . Time . | . . . . . . Parts Recycled . | . . . . . . Recycled Matter . | . . . . . . Retrieved Matter . | . . . . . . Retrieved Components . | . . . . . . Parts Scanalyzed . | . . . . . . Part Schematics Acquired . | . . . . . . Parts Damaged . | . . . . . . Bothacking | -11 -10 -10 -10 -9 -8 ------------ Run | Yrd Mat Min Exi Min Mat Used RIF Installer . | . . . . . . Robots Hacked . | . . . . . . Non-combat . | . . . . . . Combat . | . . . . . . Robot Hacks Applied . | . . . . . . Relay Couplers Released . | . . . . . . Fabnet Peak Effective % . | . . . . . . Robots Rewired . | . . . . . . Allies Hacked . | . . . . . . Hacks Repelled . | . . . . . . Allies | -11 -10 -10 -10 -9 -8 -------- Run | Yrd Mat Min Exi Min Mat Total Allies . | . . . . . . Largest Group . | . . . . . . Highest-Rated Group . | . . . . . . Highest-Rated Ally . | . . . . . . Total Orders . | . . . . . . Ally Attacks . | . . . . . . Total Damage . | . . . . . . Kills . | . . . . . . Allies Corrupted . | . . . . . . Allies Melted . | . . . . . . Intel | -11 -10 -10 -10 -9 -8 ------- Run | Yrd Mat Min Exi Min Mat Robot Analysis Total . | . . . . . . Derelict Logs Recovered . | . . . . . . Drone Launches . | . . . . . . Drone Recoveries . | . . . . . . Exploration | -11 -10 -10 -10 -9 -8 ------------- Run | Yrd Mat Min Exi Min Mat Turns Passed 1944 | 5 320 120 770 59 670 Spaces Moved 894 | 5 192 45 464 31 157 Core . | . . . . . . Treads 399 | . . . 384 15 . Legs 495 | 5 192 45 80 16 157 Wheels . | . . . . . . Hover . | . . . . . . Flight . | . . . . . . Fastest Speed 120 | 120 120 190 160 120 120 Average Speed 148 | 120 120 190 165 173 120 Slowest Speed 240 | 120 120 190 190 240 120 Overloaded Moves . | . . . . . . Propulsion Burnouts . | . . . . . . Robots Hopped . | . . . . . . Cave-ins Triggered . | . . . . . . Exploration Rate (%) 26 | 2 33 14 91 10 10 Regions Visited 5 Branch Regions 3 Pre-discovered Areas . | . . . . . . Known Exits Taken . | . . . . . . Unknown Exits Taken 5 | 1 1 1 1 1 . Scrap Searched . | . . . . . . Spaces Dug . | . . . . . . Terrain Destroyed . | . . . . . . Melee . | . . . . . . Projectile . | . . . . . . AOE . | . . . . . . Terrain Rammed . | . . . . . . Walls Destroyed . | . . . . . . Machines Disabled . | . . . . . . Actions | -11 -10 -10 -10 -9 -8 --------- Run | Yrd Mat Min Exi Min Mat Total 1439 | 4 256 58 467 33 621 Wait 462 | . 39 . . . 423 Move 889 | 4 191 44 463 30 157 Hop . | . . . . . . Pick Up 21 | . 6 2 1 . 12 Fast Attach 3 | . 1 . . . 2 Attach 11 | . 1 1 . 1 8 Detach 1 | . . . . . 1 Swap 9 | . 2 . 2 1 4 Drop 9 | . 3 . 1 . 5 Fire 34 | . 13 11 . 1 9 Melee . | . . . . . . Ram . | . . . . . . Kick . | . . . . . . Crush . | . . . . . . Escape Stasis . | . . . . . . Rewire . | . . . . . . Trap . | . . . . . . Miscellaneous . | . . . . . . Route ------- -11/Scrapyard -10/Materials -10/Mines -10/Exiles -9/Mines -8/Materials History --------- Turn | Location | Event 1 | -11/Scrapyard | Discovered new exit (range 2) 6 | -11/Scrapyard | Entered Materials 301 | -10/Materials | Build established: Mutant 321 | -10/Materials | Discovered new exit (range 5) 326 | -10/Materials | Entered Mines 437 | -10/Mines | Deemed a non-threat by the Exiles lab entrance 438 | -10/Mines | Discovered new exit (range 5) 446 | -10/Mines | Entered Exiles 492 | -10/Exiles | Met 8R-AWN 532 | -10/Exiles | Met EX-HEX 630 | -10/Exiles | Met EX-DEC 655 | -10/Exiles | Visited The Gauntlet 904 | -10/Exiles | Met EX-BIN 931 | -10/Exiles | Aligned with FarCom system 933 | -10/Exiles | Given EX-Vault access code 1032 | -10/Exiles | Opened EX-Vault 1042 | -10/Exiles | Found Cloak of Protection 1077 | -10/Exiles | Warned to stay clear of 0b10 Research branches 1197 | -10/Exiles | Discovered new exit (range 14) 1216 | -10/Exiles | Left Exiles lab with Cloak of Protection 1216 | -10/Exiles | Entered Mines 1217 | -9/Mines | Assembled infested the area 1263 | -9/Mines | Discovered new exit (range 8) 1275 | -9/Mines | Entered Materials 1275 | -8/Materials | Evolved 4 slots: Propulsion x2, Utility x2 1302 | -8/Materials | Lost 4 parts (1p1u2w) 1568 | -8/Materials | Build established: Scavenger-Mutant 1945 | -8/Materials | Self-destructed Last Messages --------------- 01395_ Dropped Lgt. Treads. 01396_ Acquired Lyr. Light Armor Plating. 01430_ Acquired 112 matter. 01444_ K-01 Serf collects debris. 01581_ K-01 Serf cleans the Integration Channel. 01586_ K-01 Serf collects debris. 01823_ K-01 Serf cleans the Atomic Centrifuge. 01913_ Door malfunctions. 01913_ R-06 Scavenger sends out distress signal. 01919_ S-10 Pest destroyed. 01920_ K-01 Serf cleans the Atomic Centrifuge. 01924_ K-01 Serf collects debris. 01926_ U-05 Engineer repairs door. 01929_ K-01 Serf collects debris. 01930_ K-01 Serf cleans the Atomic Centrifuge. 01936_ Power failure, Lgt. Nuclear Core shutdown. 01936_ Overheating: Energy bleed (-28). 01940_ Overheating: System interference. 01940_ Lightning Gun temporarily disabled. 01940_ K-01 Serf cleans the Atomic Centrifuge. Map ----- +----------------------------------------------------+ | ?????????????????????????????????????????????????? | | ?????????????????????????????????????????????????? | | ?????????????????????????????????????????????????? | | ?????????????????????????????????????????????????? | | ?????????????????????????????????????????????????? | | ?????????????????????????????????????????????????? | | ????????????????????###??????????????????????????? | | ????????????????????? ?????????????????????????? | | ????????????????????? ?????????????????????????? | | ??????????????????????g ?????????????????????????? | | ?????????????????????? g ????????????????????????? | | ??????????????????????g ????????????????????????? | | ??????????????????????? ????????????????????????? | | ???????????????????????? ###?????????????????????? | | ???????????????????????? #?????????????????????? | | ????????????????????????? +?????????????????????? | | ????????????????????????? #?????????????????????? | | ?????????????????????????# #?????????????????????? | | ?????????????????????????#g#?????????????????????? | | ?????????????????????????# #?????????????????????? | | ?????????????????????????# #?????????????????????? | | ?????????????????????????# #????????????Y????????? | | ?????????????????????????#s#?????????????????????? | | ?????????????????????????#s#?????????????????????? | | ????????????????????######s#?????????????????????? | | ????????????????????# @%#?????????????????????? | | ????????????????????# k #?????????????????????? | | ????????????????????# """ #?????????????????????? | | ????????????????????# """ #?????????????????????? | | ????????????????????# """ [#?????????????????????? | | ????????????????????# ######????????????????? | | ??????????????###########+### ! #????????????????? | | ??????????????# #????????????????? | | ??????????????# #????????????????? | | ????########### #????????????????? | | "" # #^ ^ " ###### !#????????????????? | | # # ^"" #????# !!#????????????????? | | # # ^ "" ##########????????????????? | | ##### """ +^ """ ]]#?????????????????????? | | ????#! """ # "" ]]#?????????????????????? | | ????# "" """ # """ #?????????????????????? | | ????# S"" # """ #?????????????????????? | | ????# "" # """ #?????????????????????? | | ????########### " ]]#?????????????????????? | | ??????????????# #####?????????????????????? | | ??????????????# ##????????????????????????? | | ??????????????# T#????????????????????????? | | ????????????### ^ ##????????????????????????? | | ????????????#"" #?????????????????????????? | | ????????????#"" #?????????????????????????? | +----------------------------------------------------+ Best States ------------- Heat Dissipation 39 Energy Generation 14 Energy Capacity 250 Matter Stores 300 Matter Capacity 300 Sight Range 16 Terrain Scan Density 10 Armor Coverage 300 Evasion (%) 55 Recoil Reduction 2 Energy Filtering 30 Item Schematics ----------------- None Robot Schematics ------------------ None Fabricated ------------ Nothing Alien Tech Used ----------------- None Achievements -------------- None Challenges ------------ None Game ------ Seed HugeRestorationCompanion Manual? 0 Play Time 00:20:33 Cumulative 30.2 hours Start 2024.12.31 @ 14:31:39 End 2025.01.01 @ 10:36:49 Sessions 2 Manual Loads 0 Difficulty Rogue Special Mode None Game No. 46 Rogue 46 Adventurer 0 Explorer 0 Win Type - Total 0 Types 0/0/0/0/0/0/0/0/0 Lore% 17 Gallery% 27 Achievement% 23 Wizard Run 0 Options --------- Layout 1 ASCII 0 Keyboard 0 Movement Mouse Keybinds 0 Fullscreen 0 Font 20/SmallcapsGlow Map View 76x50 Zoom Use 0% Tactical HUD 1 Map Filters NONE Filters NONE Steam 1 RUN: 5dd4f88a-0669-4bb3-b6eb-515ad1bea06e